3AAA
GRYFINDOR BRAVES @ RAPPAHANNOCK PARTISANS
08/21/2019
 
TOP OF THE 1ST
Gryfindor Braves batting - Pitching for Rappahannock Partisans : RHP Albert Braun
Pitching: RHP Albert Braun
Batting: LHB Iván Flores 0-0: Ball
1-0: Ball
2-0: SOLO HOME RUN (Flyball, 9D), Distance : 365 ft
Batting: SHB Reed Ramsey 0-0: Ball
1-0: Ball
2-0: SOLO HOME RUN (Flyball, 7D), Distance : 390 ft
Batting: RHB Kyle Wilson 0-0: Called Strike
0-1: Called Strike
0-2: Foul Ball, location: 2F
0-2: Ball
1-2: Foul Ball, location: 2F
1-2: Strikes out looking
Batting: LHB Stephen Baird 0-0: SOLO HOME RUN (Flyball, 78XD), Distance : 413 ft
Batting: LHB Chris Thurman 0-0: Ball
1-0: Ball
2-0: Called Strike
2-1: Called Strike
2-2: Ball
3-2: Base on Balls
Batting: RHB Claudio Pérez 0-0: Fly out, F9 (Flyball, 9M)
Batting: RHB Jong-duk Kim 0-0: Swinging Strike
0-1: Ball
1-1: Ball
2-1: Ground out 5-3 (Groundball, 5S)
Top of the 1st over - 3 run(s), 3 hit(s), 0 error(s), 1 left on base; Gryfindor 3 - Rappahannock 0
BOTTOM OF THE 1ST
Rappahannock Partisans batting - Pitching for Gryfindor Braves : RHP Jim Unknown
Pitching: RHP Jim Unknown
Batting: RHB Kyle Dempsey 0-0: Called Strike
0-1: Fly out, F9 (Flyball, 89M)
Batting: RHB Pablo Lugo 0-0: Ball
1-0: Called Strike
1-1: TRIPLE (Line Drive, 89M)
Batting: RHB Tom Baker 0-0: Ball
1-0: Called Strike
1-1: Swinging Strike
1-2: Fly out, F7 (Flyball, 78M)
Runner from 3rd tags up, SCORES, no throw
Batting: LHB Robert Bond 0-0: Swinging Strike
0-1: Ground out 4-3 (Groundball, 4)
Bottom of the 1st over - 1 run(s), 1 hit(s), 0 error(s), 0 left on base; Gryfindor 3 - Rappahannock 1
TOP OF THE 2ND
Gryfindor Braves batting - Pitching for Rappahannock Partisans : RHP Albert Braun
Batting: LHB Jim Unknown 0-0: Called Strike
0-1: Ball
1-1: Ball
2-1: SOLO HOME RUN (Line Drive, 9LD), Distance : 331 ft
Batting: RHB Jim Unknown 0-0: Ball
1-0: Fly out, F8 (Flyball, 89D)
Batting: LHB Iván Flores 0-0: Ball
1-0: SINGLE (Line Drive, 34)
Batting: SHB Reed Ramsey 0-0: Called Strike
0-1: Ball
1-1: SINGLE (Line Drive, 4D)
Iván Flores to second
Batting: RHB Kyle Wilson 0-0: Foul Ball, location: 2F
0-1: Foul Ball, location: 2F
0-2: Foul Ball, location: 2F
0-2: Foul Ball, location: 2F
0-2: Ball
1-2: Ball
2-2: 3-RUN HOME RUN (Flyball, 7D), Distance : 387 ft
Pitching: RHP Lindsay Turner
Batting: LHB Stephen Baird 0-0: Ball
1-0: Called Strike
Single, Error in OF, E7, batter to second base
Batting: LHB Chris Thurman 0-0: Swinging Strike
0-1: 2-RUN HOME RUN (Flyball, 9D), Distance : 343 ft
Pitching: RHP Gilberto Ibarra
Batting: RHB Claudio Pérez 0-0: Ground out 5-3 (Groundball, 5S)
Batting: RHB Jong-duk Kim 0-0: Ball
1-0: DOUBLE (Flyball, 89XD)
Batting: LHB Jim Unknown 0-0: Foul Ball, location: 2F
0-1: Ball
1-1: Ball
2-1: Ball
3-1: Foul Ball, location: 2F
3-2: Base on Balls
Batting: RHB Jim Unknown 0-0: Called Strike
0-1: Ball
1-1: Ball
2-1: Ball
3-1: Base on Balls
Jong-duk Kim to third
Jim Unknown to second
Batting: LHB Iván Flores 0-0: Ball
1-0: Called Strike
1-1: Called Strike
1-2: Ball
2-2: Ball
3-2: Strikes out looking
Top of the 2nd over - 6 run(s), 7 hit(s), 1 error(s), 3 left on base; Gryfindor 9 - Rappahannock 1
BOTTOM OF THE 2ND
Rappahannock Partisans batting - Pitching for Gryfindor Braves : RHP Jim Unknown
Batting: RHB Juan Jose Díaz 0-0: Ball
1-0: Called Strike
1-1: Swinging Strike
1-2: Ball
2-2: SINGLE (Groundball, 56)
Batting: RHB Mal Phillips 0-0: Called Strike
0-1: Called Strike
0-2: 2-RUN HOME RUN (Flyball, 7D), Distance : 383 ft
Batting: RHB Ricardo Pérez 0-0: Ball
1-0: SINGLE (Groundball, 15S) (infield hit)
Batting: RHB José Mata 0-0: Ball
1-0: Called Strike
1-1: Swinging Strike
1-2: Ball
2-2: 2-RUN HOME RUN (Flyball, 78XD), Distance : 409 ft
Pitching: RHP Jim Unknown
Batting: RHB Tim Wilson 0-0: Ball
1-0: Ball
2-0: Ball
3-0: Called Strike
3-1: Base on Balls
Batting: RHB Kyle Dempsey 0-0: Ball
1-0: Ball
2-0: Ball
3-0: Called Strike
3-1: Grounds into double play, 6-4-3 (Groundball, 6)
Batting: RHB Pablo Lugo 0-0: Called Strike
0-1: Ground out 1-3 (Groundball, 25)
Bottom of the 2nd over - 4 run(s), 4 hit(s), 0 error(s), 0 left on base; Gryfindor 9 - Rappahannock 5
TOP OF THE 3RD
Gryfindor Braves batting - Pitching for Rappahannock Partisans : RHP Gilberto Ibarra
Batting: SHB Reed Ramsey 0-0: Called Strike
0-1: Foul Ball, location: 2F
0-2: Ball
1-2: Foul Ball, location: 2F
1-2: Ground out 4-3 (Groundball, 4)
Batting: RHB Kyle Wilson 0-0: Ball
1-0: Foul Ball, location: 2F
1-1: Foul Ball, location: 2F
1-2: SINGLE (Flyball, 8RS)
Batting: LHB Stephen Baird 0-0: Ball
1-0: Ball
2-0: Swinging Strike
2-1: SINGLE (Line Drive, 6MD)
Kyle Wilson to second
Batting: LHB Chris Thurman 0-0: Ball
1-0: Foul Ball, location: 2F
1-1: Swinging Strike
1-2: Ball
2-2: DOUBLE (Line Drive, 7M)
Kyle Wilson scores
Stephen Baird to third
Batting: RHB Claudio Pérez 0-0: Ball
1-0: Ball
2-0: Fly out, F9 (Flyball, 89M)
Runner from 3rd tags up, SCORES, throw made
Batting: RHB Jong-duk Kim 0-0: Called Strike
0-1: Ball
1-1: Ball
2-1: Ground out 5-3 (Groundball, 56)
Top of the 3rd over - 2 run(s), 3 hit(s), 0 error(s), 1 left on base; Gryfindor 11 - Rappahannock 5
BOTTOM OF THE 3RD
Rappahannock Partisans batting - Pitching for Gryfindor Braves : RHP Jim Unknown
Batting: RHB Tom Baker 0-0: Foul Ball, location: 2F
0-1: Fly out, F9 (Flyball, 9LS)
Batting: LHB Robert Bond 0-0: Foul Ball, location: 2F
0-1: Ball
1-1: Ball
2-1: Ball
3-1: Base on Balls
Batting: RHB Juan Jose Díaz 0-0: Ball
Robert Bond is caught stealing 2nd base
1-0: Foul Ball, location: 2F
1-1: Called Strike
1-2: Ball
2-2: Ball
3-2: Foul Ball, location: 2F
3-2: Fly out, F7 (Flyball, 7LD)
Bottom of the 3rd over - 0 run(s), 0 hit(s), 0 error(s), 0 left on base; Gryfindor 11 - Rappahannock 5
TOP OF THE 4TH
Gryfindor Braves batting - Pitching for Rappahannock Partisans : RHP Gilberto Ibarra
Batting: LHB Jim Unknown 0-0: Ball
1-0: Fly out, F4 (Popup, 4D)
Batting: RHB Jim Unknown 0-0: Ball
1-0: Ball
2-0: Foul Ball, location: 2F
2-1: Called Strike
2-2: Strikes out swinging
Batting: LHB Iván Flores 0-0: Called Strike
0-1: SINGLE (Line Drive, 89S)
Batting: SHB Reed Ramsey 0-0: Called Strike
0-1: SINGLE (Line Drive, 34)
Iván Flores to second
Batting: RHB Kyle Wilson 0-0: Ball
1-0: Ball
2-0: Ball
3-0: Called Strike
3-1: Foul Ball, location: 2F
3-2: Strikes out looking
Top of the 4th over - 0 run(s), 2 hit(s), 0 error(s), 2 left on base; Gryfindor 11 - Rappahannock 5
BOTTOM OF THE 4TH
Rappahannock Partisans batting - Pitching for Gryfindor Braves : RHP Jim Unknown
Batting: RHB Mal Phillips 0-0: Fly out, F8 (Flyball, 8LXD)
Batting: RHB Ricardo Pérez 0-0: Ball
1-0: SINGLE (Line Drive, 4MD)
Batting: RHB José Mata 0-0: Ball
Wild Pitch!
Ricardo Pérez to second
1-0: Foul Ball, location: 2F
1-1: SINGLE (Groundball, 56D) (infield hit)
Ricardo Pérez to third
Batting: RHB Tim Wilson 0-0: Called Strike
0-1: Called Strike
0-2: Ball
1-2: Ball
2-2: Ball
José Mata is caught stealing 2nd base
3-2: Base on Balls
Batting: RHB Kyle Dempsey 0-0: Ball
1-0: Foul Ball, location: 2F
1-1: Ball
2-1: Ball
3-1: Ground out 5-3 (Groundball, 5)
Bottom of the 4th over - 0 run(s), 2 hit(s), 0 error(s), 2 left on base; Gryfindor 11 - Rappahannock 5
TOP OF THE 5TH
Gryfindor Braves batting - Pitching for Rappahannock Partisans : RHP Gilberto Ibarra
Pitching: RHP Cam Davidson
Batting: LHB Stephen Baird 0-0: Called Strike
0-1: Foul Ball, location: 2F
0-2: Strikes out looking
Batting: LHB Chris Thurman 0-0: Ball
1-0: Called Strike
1-1: Ball
2-1: SINGLE (Line Drive, 89S)
Batting: RHB Claudio Pérez 0-0: Foul Ball, location: 2F
0-1: Ball
1-1: Ball
Wild Pitch!
Chris Thurman to second
2-1: Swinging Strike
2-2: Foul Ball, location: 2F
2-2: Foul Ball, location: 2F
2-2: Ball
3-2: Strikes out swinging
Batting: RHB Jong-duk Kim 0-0: Called Strike
0-1: Ground out 1-3 (Groundball, 15)
Top of the 5th over - 0 run(s), 1 hit(s), 0 error(s), 1 left on base; Gryfindor 11 - Rappahannock 5
BOTTOM OF THE 5TH
Rappahannock Partisans batting - Pitching for Gryfindor Braves : RHP Jim Unknown
Batting: RHB Pablo Lugo 0-0: Called Strike
0-1: Called Strike
0-2: Ball
1-2: Ball
2-2: Foul Ball, location: 2F
2-2: Strikes out looking
Batting: RHB Tom Baker 0-0: Ball
1-0: Ball
2-0: SINGLE (Flyball, 89M)
Batting: LHB Robert Bond 0-0: Ball
1-0: Ball
2-0: Called Strike
2-1: Swinging Strike
2-2: Strikes out looking
Batting: RHB Juan Jose Díaz 0-0: Foul Ball, location: 2F
0-1: Foul Ball, location: 2F
0-2: Foul Ball, location: 2F
0-2: Ball
1-2: Ball
2-2: Foul Ball, location: 2F
2-2: Foul Ball, location: 2F
2-2: Fly out, F8 (Line Drive, 8RD)
Bottom of the 5th over - 0 run(s), 1 hit(s), 0 error(s), 1 left on base; Gryfindor 11 - Rappahannock 5
TOP OF THE 6TH
Gryfindor Braves batting - Pitching for Rappahannock Partisans : RHP Cam Davidson
Batting: LHB Jim Unknown 0-0: Ball
1-0: Ball
2-0: Ball
3-0: Called Strike
3-1: Base on Balls
Batting: RHB Jim Unknown 0-0: Ball
1-0: Ball
2-0: Called Strike
2-1: Foul Ball, location: 2F
2-2: Ball
3-2: Fly out, F4 (Line Drive, 6MS)
3-2: Lined into DP, 4-3 (Line Drive, 6MS)
Batting: LHB Iván Flores 0-0: Ball
1-0: Ball
2-0: Foul Ball, location: 2F
2-1: Ball
3-1: Foul Ball, location: 2F
3-2: Foul Ball, location: 2F
3-2: Strikes out swinging
Top of the 6th over - 0 run(s), 0 hit(s), 0 error(s), 0 left on base; Gryfindor 11 - Rappahannock 5
BOTTOM OF THE 6TH
Rappahannock Partisans batting - Pitching for Gryfindor Braves : RHP Jim Unknown
Pitching: LHP Jim Unknown
Batting: RHB Mal Phillips 0-0: Ball
1-0: Ball
2-0: Ground out 6-3 (Groundball, 6MD)
Batting: RHB Ricardo Pérez 0-0: Ball
1-0: Ball
2-0: Ball
3-0: Base on Balls
Batting: RHB José Mata 0-0: Swinging Strike
0-1: Ball
1-1: Fly out, F6 (Popup, 5D)
Batting: RHB Tim Wilson 0-0: Ball
1-0: Ball
2-0: Ball
3-0: Base on Balls
Ricardo Pérez to second
Batting: RHB Kyle Dempsey 0-0: Ball
1-0: Ball
2-0: Ground out 4-3 (Groundball, 4)
Bottom of the 6th over - 0 run(s), 0 hit(s), 0 error(s), 2 left on base; Gryfindor 11 - Rappahannock 5
TOP OF THE 7TH
Gryfindor Braves batting - Pitching for Rappahannock Partisans : RHP Cam Davidson
Pitching: LHP Wyatt Watson
Batting: SHB Reed Ramsey 0-0: Ball
1-0: Foul Ball, location: 2F
1-1: Ball
2-1: Called Strike
2-2: Ball
3-2: Ground out 6-3 (Groundball, 6M)
Batting: RHB Kyle Wilson 0-0: Ball
1-0: Ground out U3 (Groundball, 3L)
Batting: LHB Stephen Baird 0-0: Ball
1-0: Fly out, F5 (Line Drive, 56)
Top of the 7th over - 0 run(s), 0 hit(s), 0 error(s), 0 left on base; Gryfindor 11 - Rappahannock 5
BOTTOM OF THE 7TH
Rappahannock Partisans batting - Pitching for Gryfindor Braves : LHP Jim Unknown
Batting: RHB Pablo Lugo 0-0: Called Strike
0-1: Reached on error, E6 (Groundball, 6M)
Batting: RHB Tom Baker 0-0: Ball
1-0: Ball
2-0: Grounds into double play, 1-6-3 (Groundball, 13S)
Batting: LHB Robert Bond 0-0: Ball
1-0: Ball
2-0: Foul Ball, location: 2F
2-1: Fly out, F7 (Flyball, 7LS)
Bottom of the 7th over - 0 run(s), 0 hit(s), 1 error(s), 0 left on base; Gryfindor 11 - Rappahannock 5
TOP OF THE 8TH
Gryfindor Braves batting - Pitching for Rappahannock Partisans : LHP Wyatt Watson
Batting: LHB Chris Thurman 0-0: Ball
1-0: Ball
2-0: Ball
3-0: Called Strike
3-1: Foul Ball, location: 2F
3-2: DOUBLE (Flyball, 89M)
Batting: RHB Claudio Pérez 0-0: Ball
1-0: Fly out, F3 (Line Drive, 3)
Batting: RHB Jong-duk Kim 0-0: Foul Ball, location: 2F
0-1: Ball
1-1: Called Strike
1-2: Ball
2-2: Ground out 5-3 (Groundball, 56S)
Chris Thurman to third
Batting: LHB Jim Unknown 0-0: Fly out, F8 (Flyball, 89M)
Top of the 8th over - 0 run(s), 1 hit(s), 0 error(s), 1 left on base; Gryfindor 11 - Rappahannock 5
BOTTOM OF THE 8TH
Rappahannock Partisans batting - Pitching for Gryfindor Braves : LHP Jim Unknown
Pitching: LHP Jim Unknown
Batting: RHB Juan Jose Díaz 0-0: Ball
1-0: Swinging Strike
1-1: Called Strike
1-2: Ball
2-2: Strikes out swinging
Batting: RHB Mal Phillips 0-0: Called Strike
0-1: Foul Ball, location: 2F
0-2: Ball
1-2: Ball
2-2: Foul Ball, location: 2F
2-2: Fly out, F4 (Popup, 3)
Batting: RHB Ricardo Pérez 0-0: Foul Ball, location: 2F
0-1: Called Strike
0-2: Ball
1-2: TRIPLE (Line Drive, 9LM)
Batting: RHB José Mata 0-0: Called Strike
0-1: Foul Ball, location: 2F
0-2: Strikes out looking
Bottom of the 8th over - 0 run(s), 1 hit(s), 0 error(s), 1 left on base; Gryfindor 11 - Rappahannock 5
TOP OF THE 9TH
Gryfindor Braves batting - Pitching for Rappahannock Partisans : LHP Wyatt Watson
Batting: RHB Jim Unknown 0-0: Called Strike
0-1: Foul Ball, location: 2F
0-2: Hit by Pitch
Batting: LHB Iván Flores 0-0: Called Strike
0-1: Foul Ball, location: 2F
0-2: Ground out 3-1 (Groundball, 34)
Jim Unknown to second
Batting: SHB Reed Ramsey 0-0: Ball
1-0: Foul Ball, location: 2F
1-1: Called Strike
1-2: Hit by Pitch
Batting: RHB Kyle Wilson 0-0: Foul Ball, location: 2F
0-1: Ball
1-1: Called Strike
1-2: Strikes out looking
Batting: LHB Stephen Baird 0-0: Called Strike
0-1: Ground out U3 (Groundball, 3S)
Top of the 9th over - 0 run(s), 0 hit(s), 0 error(s), 2 left on base; Gryfindor 11 - Rappahannock 5
BOTTOM OF THE 9TH
Rappahannock Partisans batting - Pitching for Gryfindor Braves : LHP Jim Unknown
Batting: RHB Tim Wilson 0-0: Called Strike
0-1: SINGLE (Flyball, 89S)
Batting: RHB Kyle Dempsey 0-0: Ball
1-0: Called Strike
1-1: Called Strike
1-2: SINGLE (Line Drive, 8LS)
Tim Wilson to second
Batting: RHB Pablo Lugo 0-0: Foul Ball, location: 2F
0-1: Foul Ball, location: 2F
0-2: DOUBLE (Line Drive, 7LS)
Tim Wilson scores
Kyle Dempsey to third
Runner from 3rd tries for Home, SAFE, throw made at trailing runner, SAFE at third!
Pitching: RHP Rory Robinson
Batting: RHB Tom Baker 0-0: Ball
1-0: Called Strike
1-1: Called Strike
1-2: Ball
2-2: Foul Ball, location: 2F
2-2: Foul Ball, location: 2F
2-2: Strikes out swinging
Batting: LHB Robert Bond 0-0: Called Strike
0-1: Ball
1-1: Called Strike
1-2: Ball
2-2: Strikes out swinging
Batting: RHB Juan Jose Díaz 0-0: Called Strike
0-1: Foul Ball, location: 2F
0-2: Ball
1-2: Foul Ball, location: 2F
1-2: Ball
2-2: Ball
3-2: Ground out 6-3 (Groundball, 6)
Bottom of the 9th over - 2 run(s), 3 hit(s), 0 error(s), 1 left on base; Gryfindor 11 - Rappahannock 7
This league is powered by Out of the Park Baseball, the baseball management simulation game for PC, Mac and Linux
Saturday, July 25th, 2015 - OOTP Baseball 15.6 Build 34